 Dungeon Crawl Stone Soup version 0.20.0-6-gd3061e9 (webtiles) character file.

56 MDvedh the Changer (level 3, -1/31 HPs)
             Began as a Naga Transmuter on May 28, 2017.
             Slain by a jackal (3 damage)
             ... on level 2 of the Dungeon.
             The game lasted 00:03:07 (2058 turns).

MDvedh the Changer (Naga Transmuter)                Turns: 2058, Time: 00:03:08

Health: -1/31      AC:  3    Str: 12    XL:     3   Next: 97%
Magic:  6/6        EV: 10    Int: 14    God:
Gold:   64         SH:  0    Dex: 11    Spells: 0/6 levels left

rFire    + . .     SeeInvis +     - Unarmed
rCold    . . .     Gourm    .   (no shield)
rNeg     . . .     Faith    .   b - +0 robe
rPois    +         Spirit   .   (helmet currently unavailable)
rElec    .         Reflect  .   j - +0 cloak
rCorr    .         Harm     .   (no gloves)
MR       .....                  (no barding)
Stlth    +.........             (no amulet)
Regen    0.1/turn               (no ring)
MPRegen  0.1/turn               (no ring)

@: lethally poisoned (-1 -> -3), appendage, very slow
A: horns 3, see invisible, deformed body, fire resistance 1, poison resistance,
slowness 2, slow metabolism 1, spit poison 1, AC +1
a: Spit Poison, End Transformation


You were on level 2 of the Dungeon.
You were not hungry.
You had grown temporary horns.
You visited 1 branch of the dungeon, and saw 2 of its levels.

You collected 64 gold pieces.

Inventory:

Missiles
 a - 12 arrows
 i - 58 stones (quivered)
Armour
 b - a +0 robe (worn)
 j - a +0 cloak (worn)
Jewellery
 k - an uncursed ring of protection from fire {unknown}
Scrolls
 f - a scroll of identify {unknown}
 g - 3 scrolls of teleportation {unknown}
 h - 2 scrolls of remove curse {unknown}
 m - a scroll of noise {unknown}
Potions
 l - a potion of agility {unknown}
 n - a potion of might {unknown}
Books
 c - a book of Changes

   Spells                             Type                      Level
   a - Beastly Appendage              Transmutation                1
   b - Sticks to Snakes               Transmutation                2
   c - Spider Form                    Transmutation/Poison         3
   d - Ice Form                       Ice/Transmutation            4
   e - Blade Hands                    Transmutation                5
Comestibles
 d - a bread ration


   Skills:
 - Level 1.0 Fighting
 - Level 1.5 Dodging
 - Level 3.0 Unarmed Combat
 - Level 2.0 Spellcasting
 + Level 4.1 Transmutations


You couldn't memorise any spells.
You knew the following spells:

 Your Spells              Type           Power        Failure   Level  Hunger
a - Beastly Appendage     Tmut           ##....       4%          1    ##.....
b - Sticks to Snakes      Tmut           ##......     7%          2    ###....
c - Spider Form           Tmut/Pois      #.........   30%         3    ####...


Dungeon Overview and Level Annotations

Branches:
Dungeon (2/15)

Altars:


Innate Abilities, Weirdness & Mutations

You cannot wear boots.
Your serpentine skin is tough. (AC +1)
You have supernaturally acute eyesight. (SInv)
Armour fits poorly on your strangely shaped body.
Your system is resistant to poisons. (rPois)
You cover ground very slowly.
You have a slow metabolism.
You can spit poison.
You have a pair of large horns on your head.
Your flesh is heat resistant. (rF+)


Message History

Unknown command.
You barely miss the adder.
The adder is almost dead.
The jackal barely misses you. x2; The adder closely misses you.
Unknown command.
You barely miss the adder.
The adder is almost dead.
You feel sick. The jackal bites you.
* * * LOW HITPOINT WARNING * * *
The jackal bites you.
* * * LOW HITPOINT WARNING * * *
The adder bites you.
* * * LOW HITPOINT WARNING * * *
Saving game... please wait.
Welcome back, MDvedh the Naga Transmuter.
Press ? for a list of commands and other information.
It was a potion of mutation.
You feel extremely strange. The horns on your head grow some more.
You feel resistant to heat. The jackal bites you.
You die...

....$ .... ... # #..
.# #..##. ### ..
#.... ... ... #.hS#
### ..)###.h@### ###
...........# ..#
##........#
#.########..#....###
##.#........#....#
#..).......#....#
#...............#
###.........#...#
#...........#####


You could see an adder and 2 jackals.

Vanquished Creatures
  A gnoll (D:1)
  An ooze (D:1)
  A dart slug (D:2)
  A leopard gecko (D:1)
  2 ball pythons (D:1)
  3 bats (D:1)
  3 giant cockroaches
  5 goblins
  3 hobgoblins
  3 jackals (D:2)
  6 kobolds
  3 frilled lizards
  4 rats (D:1)
36 creatures vanquished.

Notes
Turn   | Place    | Note
-------+----------+-------------------------------------------
     0 | D:1      | MDvedh the Naga Transmuter began the quest for the Orb.
     0 | D:1      | Reached XP level 1. HP: 18/18 MP: 3/3
     4 | D:1      | Noticed an octopode
     7 | D:1      | Noticed a troll
   217 | D:1      | Reached XP level 2. HP: 25/25 MP: 5/5
   322 | D:1      | Reached skill level 3 in Transmutations
   789 | D:1      | HP: 1/25 [gnoll/spear (2)]
   790 | D:1      | Reached XP level 3. HP: 1/31 MP: 4/6
  1088 | D:1      | Learned a level 2 spell: Sticks to Snakes
  1092 | D:1      | Learned a level 3 spell: Spider Form
  1769 | D:2      | Reached skill level 4 in Transmutations
  2058 | D:2      | Gained mutation: You have a pair of large horns on your head. [potion of mutation]
  2058 | D:2      | Gained mutation: Your flesh is heat resistant. (rF+) [potion of mutation]
  2058 | D:2      | Slain by a jackal

Skill      XL: |  1  2  3 |
---------------+----------+-----
Transmutations | 3 4 |  4.1
Fighting       | |  1.0
Dodging        | |  1.5
Unarmed Combat | |  3.0
Spellcasting   | |  2.0

Action                   || total
-------------------------++-------
Melee: Unarmed           ||   114
       Headbutt          ||     3
       Punch             ||     1
Throw: Stone             ||    14
 Cast: Beastly Appendage ||    11
 Abil: Spit Poison       ||     6
  Use: Potion            ||     1
  Eat: Meat ration       ||     1
Armor: Robe              ||    25
Dodge: Dodged            ||    76
